 Dungeon Crawl Stone Soup version 0.30.0-15-g856e2d3f33 (webtiles) character file.

Game seed: 15278235198106266355

11991 Daunt the Skirmisher (level 12, -3/97 (106) HPs)
             Began as a Meteoran Summoner on May 19, 2023.
             Was a Believer of Qazlal.
             Slain by Josephine
             ... wielding a +1 dagger of electrocution
              (10 damage)
             ... on level 14 of the Dungeon.
             The game lasted 01:04:30 (6410 turns).

Daunt the Skirmisher (Meteoran Summoner)            Turns: 6410, Time: 01:04:31

HP:   -3/97 (106)   AC:  4    Str: 10    XL:     12   Next: 43%
MP:   13/18         EV: 25    Int: 19    God:    Qazlal [**....]
Gold: 640           SH:  3    Dex: 18    Spells: 10/16 levels left

rFire   . . .        a - +2 shortbow (heavy)
rCold   . . .        (shield currently unavailable)
rNeg    . . .        b - +0 troll leather armour
rPois   .            (no helmet)
rElec   .            T - scarf {harm}
rCorr   .            (no gloves)
SInv    .            (no boots)
Will    +....        U - amulet of regeneration
Stlth   +            q - +5 ring of evasion
HPRegen 1.96/turn    y - +5 ring of evasion
MPRegen 0.16/turn

%: harm (+30% outgoing, +20% incoming)
@: glowing, drained
A: sense surroundings 2, otherworldly, glowing, explore regen
a: Renounce Religion, Upheaval


You were on level 14 of the Dungeon.
You worshipped Qazlal.
Qazlal was pleased with you.
You visited 2 branches of the dungeon, and saw 15 of its levels.
You also visited: Ossuary.

You collected 760 gold pieces.
You spent 120 gold pieces at shops.

Inventory:

Hand Weapons
 a - a +2 heavy shortbow (weapon)
Missiles
 E - a throwing net
Armour
 b - a +0 troll leather armour (worn)
 i - a +4 scale mail
 t - a +0 robe
 T - a scarf of harm (worn)
 W - +0 acid dragon scales
 Z - a +0 leather armour of fire resistance
Magical Staves
 d - a staff of poison
 f - a staff of earth
 v - a staff of death
 z - the staff of death "Kyecir" {Contam rC+ rN+ Str+7}
   (You found it on level 8 of the Dungeon)

   [staff of death]

   Base accuracy: +5 Base damage: 5 Base attack delay: 1.2 This weapon's minimum
   attack delay (0.6) is reached at skill level 12.
   Str:       It affects your strength (+7).
   rC:        It protects you from cold.
   rN:        It protects you from negative energy.
   Contam:    It causes magical contamination when unequipped.
   It falls into the 'Staves' category.
   It is a one-handed weapon.
Jewellery
 h - an amulet of reflection
 q - a +5 ring of evasion (left hand)
 s - a ring of willpower
 u - a ring of see invisible
 y - a +5 ring of evasion (right hand)
 M - a ring of positive energy
 Q - a ring of flight
 U - an amulet of regeneration (around neck)
Wands
 c - a wand of acid (4)
 S - a wand of digging (14)
 Y - a wand of flame (6)
Scrolls
 e - 3 scrolls of vulnerability
 g - a scroll of blinking {unknown}
 k - 2 scrolls of enchant armour
 m - 4 scrolls of magic mapping
 n - a scroll of enchant weapon {unknown}
 o - 2 scrolls of poison
 w - 3 scrolls of immolation {unknown}
 C - a scroll of torment {unknown}
 F - 4 scrolls of noise {unknown}
 H - 4 scrolls of fog {unknown}
 K - 6 scrolls of teleportation {unknown}
 L - a scroll of brand weapon {unknown}
 N - a scroll of fear {unknown}
 R - a scroll of amnesia {unknown}
 X - a scroll of silence {unknown}
Potions
 j - 7 potions of curing
 l - 6 potions of heal wounds {unknown}
 r - 6 potions of mutation
 x - 2 potions of resistance
 A - 2 potions of attraction
 B - 3 potions of ambrosia
 G - 5 potions of might
 I - a potion of berserk rage {unknown}
 J - 2 potions of lignification {unknown}
 O - 2 potions of brilliance {unknown}
 P - 2 potions of magic


   Skills:
 - Level 10.0 Fighting
 + Level 14.6 Ranged Weapons
 - Level 4.0 Armour
 - Level 7.1 Dodging
 - Level 1.4 Stealth
 - Level 2.6 Spellcasting
 - Level 4.8 Summonings
 + Level 7.2 Invocations


You had 10 spell levels left.
You knew the following spells:

 Your Spells              Type           Power      Damage    Failure   Level
a - Summon Small Mammal   Summ           80%        N/A       2%          1
c - Call Canine Familiar  Summ           20%        N/A       9%          3
i - Call Imp              Summ           40%        N/A       4%          2

Your spell library contained the following spells:

 Spells                   Type           Power      Damage    Failure   Level
 Necrotise                Necr           8%         1d4       21%         1
 Summon Guardian Golem    Hex/Summ       11%        N/A       22%         3
 Lesser Beckoning         Tloc           4%         N/A       30%         2
 Dazzling Flash           Conj/Hex       4%         N/A       52%         3
 Gell's Gravitas          Tloc           2%         N/A       52%         3
 Teleport Other           Tloc           2%         N/A       52%         3
 Vampiric Draining        Necr           2%         2d6       52%         3
 Vhi's Electric Charge    Tloc/Air       4%         N/A       52%         3
 Volatile Blastmotes      Fire/Tloc      4%         2d10      52%         3
 Summon Lightning Spire   Summ/Air       11%        N/A       58%         4
 Iskenderun's Mystic Bla  Conj/Tloc      2%         2d3       90%         4
 Olgreb's Toxic Radiance  Pois           2%         N/A       90%         4
 Agony                    Necr           2%         N/A       99%         5
 Arcjolt                  Conj/Air       1%         1d11      99%         5
 Plasma Beam              Fire/Air       1%         2x1d12    100%        6
 Starburst                Conj/Fire      1%         6d3       100%        6
 Discord                  Hex            1%         N/A       100%        8
 Ignition                 Fire           1%         3d3       100%        8


Dungeon Overview and Level Annotations

Branches:
Dungeon (14/15) Zot: 2329  Temple (1/1) D:6 Zot: 557    Lair (0/5) D:10
    Orc (0/2) D:9         Ossuary (visited)
 Vaults: D:13-14

Altars:
Ashenzari
Cheibriados
Dithmenos
Fedhas
Gozag
Hepliaklqana
Kikubaaqudgha
Makhleb
Qazlal
Ru
Sif Muna
Uskayaw
Wu Jian
Xom
Yredelemnul
Zin
The Shining One

Shops:
D:12 *

Annotations:
D:6 3 runed translucent doors mirror, PureRandom's ghost, weakling OpTm
D:12 1 runed translucent door, Cooqonn's ghost, journeyman DsVM
D:14 Josephine


Innate Abilities, Weirdness & Mutations

You passively map the area around you.
You are easily found by Zot.
You glow in the dark.
You regain HP and MP as you explore.


Message History

Okay, then.
Unknown command.
Unknown command.
Unknown command.
Okay, then.
Fire: a) +2 shortbow (heavy)
Press: ? - help, Q - select action, (/) - cycle Shift-Dir - straight line, f/p - Josephine
Aim: Josephine, wielding a +1 dagger of electrocution and wearing a +0 robe (severely wounded, 73% to hit)
Okay, then.
Throw: 2 throwing nets
Press: ? - help, Shift-Dir - straight line, f/p - Josephine
Aim: Josephine, wielding a +1 dagger of electrocution and wearing a +0 robe (severely wounded, 66% to hit)
You throw a throwing net.
The throwing net barely misses Josephine.
Josephine draws life force from you!
* * * LOW HITPOINT WARNING * * *
Josephine is healed by the life force!
You block the wraith's attack. The wraith closely misses you.
Okay, then.
Unknown command.
Okay, then.
Unknown command.
Unknown command.
Okay, then.
Unknown command.
Unknown command.
Unknown command.
Unknown command.
Okay, then.
Unknown command.
Unknown command.
Okay, then.
Unknown command.
Unknown command.
Activating: Elemental Force (4% risk of failure)
Press: ? - help, Dir - look around, f - activate Clouds arounds you coalesce and take form!
You can no longer give life to nearby clouds.
Josephine hits you with a +1 dagger of electrocution!
You die...

,* ^ , * , , , , ,,
, , , ,, , , ,,, ,,
,, , , , * ,,,, , ,
, * , , , , , ,
#######+######### *
,,.................
, * ,
.$......W.E......*
, ,, *
#......W@☼...... ,
, * *
#......@E....... ,
*,
#...............,
,,, , ,
......(.......... *
* #################


You could see Josephine, 2 wraiths, a friendly earth elemental (summoned) and a
friendly air elemental (summoned).

Vanquished Creatures
  A boulder beetle (D:11)
  An orc knight (D:12)
  A manticore (D:11)
  An ugly thing (D:12)
  2 gargoyles (D:11)
  2 unseen horrors
  A rime drake (D:10)
  A komodo dragon (D:10)
  2 trolls (D:11)
  A polar bear (D:10)
  Sigmund (D:6)
  11 yaks
  A wraith (D:14)
  Menkaure (Ossuary)
  A warg (D:12)
  A water moccasin (D:8)
  2 acid dragons (D:8)
  2 orc warriors
  2 sky beasts
  7 ice beasts
  2 ogres
  2 black bears (D:6)
  2 wolves (D:10)
  8 centaurs
  2 phantoms
  A kobold brigand (D:8)
  3 bullfrogs
  4 scorpions
  13 wights
  11 killer bees
  7 howler monkeys
  A jelly (D:4)
  3 bullfrog zombies (D:6)
  A bullfrog skeleton (D:6)
  A gnoll bouda (D:8)
  2 hounds (D:5)
  3 orc priests
  2 sleepcaps (D:6)
  3 iguanas (D:6)
  14 orc wizards
  3 mummies (Ossuary)
  2 howler monkey zombies (D:6)
  9 gnolls
  6 adders
  A white imp (D:6)
  An ufetubus (D:5)
  2 worms
  A dart slug (D:4)
  41 orcs
  2 bats
  2 endoplasms
  2 giant cockroaches
  4 gnoll zombies (Ossuary)
  4 hobgoblins
  3 jackals (D:1)
  11 kobolds
  5 quokkas
  6 ball pythons
  5 gnoll skeletons (Ossuary)
  4 goblins
  6 goblin skeletons (Ossuary)
  3 goblin zombies (Ossuary)
  A hobgoblin skeleton (Ossuary)
  5 hobgoblin zombies (Ossuary)
  4 kobold skeletons (Ossuary)
  5 kobold zombies (Ossuary)
  4 orc skeletons (Ossuary)
  3 orc zombies (Ossuary)
  2 quokka zombies (D:5)
  3 rats
  5 rat skeletons (Ossuary)
  5 rat zombies (Ossuary)
287 creatures vanquished.

Vanquished Creatures (collateral kills)
  A yak (D:11)
  A dart slug (D:1)
  A kobold (D:1)
  A goblin (D:1)
4 creatures vanquished.

Grand Total: 291 creatures vanquished

Notes
Turn   | Place    | Note
-------+----------+-------------------------------------------
     0 | D:1      | Daunt the Meteoran Summoner began the quest for the Orb.
     0 | D:1      | Reached XP level 1. HP: 14/14 MP: 5/5
   151 | D:2      | Reached XP level 2. HP: 22/22 MP: 6/6
   157 | D:2      | Reached skill level 1 in Ranged Weapons
   235 | D:1      | Reached skill level 2 in Ranged Weapons
   241 | D:1      | Reached XP level 3. HP: 23/27 MP: 8/8
   262 | D:1      | Learned a level 2 spell: Call Imp
   479 | D:2      | Reached skill level 3 in Ranged Weapons
   571 | D:2      | Found a faded altar of an unknown god.
   609 | D:3      | Found a broken altar of Ashenzari.
   666 | D:3      | Reached XP level 4. HP: 34/34 MP: 9/9
   888 | D:4      | Reached skill level 4 in Ranged Weapons
   888 | D:4      | Reached XP level 5. HP: 32/39 MP: 10/10
  1020 | D:3      | Found a snail-covered altar of Cheibriados.
  1331 | D:4      | Reached skill level 5 in Ranged Weapons
  1331 | D:4      | Reached XP level 6. HP: 46/46 MP: 11/11
  1409 | D:4      | Noticed an ogre
  1416 | D:4      | Killed an ogre
  1417 | D:4      | Reached skill level 1 in Fighting
  1417 | D:4      | Reached skill level 6 in Ranged Weapons
  1480 | D:5      | Entered Level 5 of the Dungeon
  1590 | D:5      | Reached XP level 7. HP: 51/55 MP: 12/12
  1687 | D:5      | Found a sand-covered staircase.
  1695 | Ossuary  | Entered an ossuary
  1961 | Ossuary  | Noticed Menkaure
  1970 | Ossuary  | Killed Menkaure
  1971 | Ossuary  | Reached skill level 7 in Ranged Weapons
  1971 | Ossuary  | Reached XP level 8. HP: 31/63 MP: 13/13
  2422 | D:5      | Found a sacrificial altar of Ru.
  2452 | D:5      | Reached skill level 8 in Ranged Weapons
  2466 | D:5      | Reached skill level 5 in Dodging
  2609 | D:7      | Gained mutation: You passively map the area around you.
                  | [Meteoran growth]
  2609 | D:7      | Reached XP level 9. HP: 72/72 MP: 14/14
  2613 | D:7      | Learned a level 3 spell: Call Canine Familiar
  2620 | D:6      | Noticed Sigmund
  2628 | D:6      | Killed Sigmund
  2643 | D:6      | Reached skill level 9 in Ranged Weapons
  2654 | D:6      | Reached skill level 5 in Fighting
  3030 | D:6      | Found a staircase to the Ecumenical Temple.
  3059 | D:6      | Found a runed translucent gate.
  3060 | D:6      | Found a runed translucent gate.
  3060 | D:6      | Noticed PureRandom's ghost (weakling OpTm)
  3136 | D:6      | Found a runed translucent gate.
  3192 | D:6      | Found an ancient bone altar of Kikubaaqudgha.
  3217 | D:6      | Reached skill level 10 in Ranged Weapons
  3246 | Temple   | Entered the Ecumenical Temple
  3272 | Temple   | Became a worshipper of Qazlal Stormbringer
  3471 | D:8      | Reached XP level 10. HP: 83/83 MP: 15/15
  3751 | D:8      | Reached skill level 11 in Ranged Weapons
  4006 | D:9      | Killed an unseen horror
  4055 | D:9      | Reached skill level 12 in Ranged Weapons
  4083 | D:9      | Reached * piety under Qazlal
  4184 | D:9      | Found a staircase to the Orcish Mines.
  4435 | D:8      | Identified the staff of death "Kyecir" {Contam rC+ rN+
                  | Str+7}
  4499 | D:10     | Entered Level 10 of the Dungeon
  4542 | D:9      | Reached XP level 11. HP: 82/94 MP: 16/16
  4581 | D:9      | Reached skill level 13 in Ranged Weapons
  4775 | D:10     | Found a staircase to the Lair.
  4798 | D:10     | Found a blossoming altar of Fedhas.
  5063 | D:10     | Reached skill level 14 in Ranged Weapons
  5198 | D:10     | Found a hazy altar of Hepliaklqana.
  5198 | D:10     | Found a glowing golden altar of the Shining One.
  5243 | D:10     | Reached ** piety under Qazlal
  5245 | D:10     | Reached skill level 1 in Armour
  5245 | D:10     | Reached skill level 1 in Invocations
  5419 | D:11     | Noticed a manticore
  5427 | D:11     | Killed a manticore
  5600 | D:11     | Noticed a boulder beetle
  5606 | D:11     | Killed a boulder beetle
  5607 | D:11     | Reached skill level 10 in Fighting
  5607 | D:11     | Reached XP level 12. HP: 106/106 MP: 17/17
  5665 | D:11     | Reached skill level 5 in Invocations
  6036 | D:12     | Noticed an orc knight
  6056 | D:12     | Killed an orc knight
  6291 | D:12     | Found Cuqic's Assorted Antiques.
  6293 | D:12     | Bought a scroll labelled VUEMIS LIWNEQO for 32 gold pieces
  6293 | D:12     | Bought a brown potion for 28 gold pieces
  6293 | D:12     | Bought a murky amethyst potion for 28 gold pieces
  6293 | D:12     | Bought a scroll labelled TUADED KOEFF for 32 gold pieces
  6294 | D:12     | Found a runed translucent door.
  6294 | D:12     | Found a shimmering altar of Xom.
  6294 | D:12     | Noticed Cooqonn's ghost (journeyman DsVM)
  6294 | D:12     | Noticed a +2 great sword of chaos
  6362 | D:13     | Reached *** piety under Qazlal
  6396 | D:14     | Noticed Josephine
  6410 | D:14     | Slain by Josephine

Illustrated notes

Levels and vault maps discovered:
D:1:      lemuel_arrival_muddy, layout_rooms
D:2:      layout_rooms, shapermc_ecumenical_altar_hornbeckon
D:3:      layout_basic, overflow_temple_1_default, mainiacjoe_overflow_paths,
          wad_orctagon
D:4:      cheibrodos_old_hovel, layout_basic, nrook_loot_triangle, st_stairs_2,
          nicolae_shop_overcharged_wands
D:5:      layout_basic, mainiacjoe_overflow_surrounded_room, enter_ossuary_4
D:6:      layout_cave_pools, kennysheep_little_box,
          minmay_temple_entry_steel_oval, gammafunk_ghost_split, serial_undead,
          serial_undead_d, serial_undead_c, serial_undead_e, serial_undead_f,
          uniq_sigmund
D:7:      layout_basic
D:8:      layout_gridville
D:9:      layout_basic, orc_0_dummy
D:10:     layout_basic, fedhas_ov_isle_minmay,
          gammafunk_temple_overflow_elements, hellmonk_lair_entry_icy
D:11:     layout_roguey, hangedman_abyss_or_decor_stagger
D:12:     layout_roguey, serial_shops, shop, shop, ebering_ghost_xom
D:13:     layout_basic, serial_shops, shop, nicolae_trove_entry_columns,
          minmay_misc_feat_five, uniq_erolcha
D:14:     layout_stronghold, ximxim_vaults_locker_room,
          minmay_misc_feat_more_columns, uniq_snorg, uniq_roxanne,
          uniq_josephine
Temple:   eino_wide_crystal_templ

Skill      XL: |  1  2  3  4  5  6  7  8  9 10 11 12 |
---------------+-------------------------------------+-----
Ranged Weapons | 2 3 4 5 6 7 8 10 12 14 | 14.6
Fighting       | 2 3 4 6 8 10 | 10.0
Dodging        | 3 4 5 7 |  7.1
Armour         | 4 |  4.0
Invocations    | 4 7 |  7.2
Stealth        | |  1.4
Spellcasting   | |  2.6
Summonings     | |  4.8

Action                     |  1- 3 |  4- 6 |  7- 9 | 10-12 || total
---------------------------+-------+-------+-------+-------++-------
  Melee: Dagger            |     8 |       |       |       ||     8
         Unarmed           |     2 |       |       |       ||     2
   Fire: Sling             |    72 |    94 |   331 |       ||   497
         Shortbow          |       |       |    95 |   557 ||   652
  Throw: Throwing net      |       |       |       |     1 ||     1
   Cast: Summon Small Mamm |     4 |       |       |     2 ||     6
         Call Imp          |     1 |       |       |     2 ||     3
         Call Canine Famil |       |       |       |     9 ||     9
 Invoke: Elemental Force   |       |       |       |     1 ||     1
    Use: Potion            |       |     2 |       |       ||     2
         Scroll            |       |       |     8 |     2 ||    10
   Stab: Sleeping          |     1 |       |       |       ||     1
 Armour: Robe              |     7 |     3 |    11 |       ||    21
         Acid dragon scale |       |       |       |    33 ||    33
         Troll leather arm |       |       |       |    10 ||    10
  Dodge: Dodged            |    28 |    30 |   185 |   372 ||   615
  Block: Other             |       |       |       |    24 ||    24
